 Dungeon Sprint DCSS version 0.27-a0-463-gec7707c53d (webtiles) character file.

Game seed: 12208711827380112428

2166 mhtbhm the Cleaver (level 9, -9/133 HPs)
             Began as a Minotaur Fighter on Feb 28, 2021.
             Was the Champion of Trog.
             Killed from afar by a storm dragon (22 damage)
             ... with a bolt of lightning
             ... in the Dungeon (Sprint VII: "The Pits").
             The game lasted 00:02:00 (1160 turns).

mhtbhm the Cleaver (Minotaur Fighter)               Turns: 1160, Time: 00:02:00

Health: -9/133     AC: 17    Str: 24    XL:     9   Next: 10%
Magic:  8/8        EV: 10    Int:  5    God:    Trog [******]
Gold:   0          SH: 13    Dex: 10    Spells: 8/8 levels left

rFire    . . .     SeeInvis .   a - +2 war axe (vorpal)
rCold    . . .     Faith    .   c - +0 kite shield
rNeg     . . .     Spirit   .   b - +4 chain mail
rPois    .         Reflect  .   (helmet restricted)
rElec    .         Harm     .   (no cloak)
rCorr    .         Rampage  .   (no gloves)
Will     .....     NoTele   +   o - +0 pair of boots
Stlth    ..........             (no amulet)
HPRegen  0.32/turn              (no ring)
MPRegen  0.11/turn              (no ring)

@: berserking, very quick
A: retaliatory headbutt, horns 2
a: Renounce Religion, Berserk, Trog's Hand, Brothers in Arms


You were in the Dungeon.
You worshipped Trog.
Trog was exalted by your worship.
You visited 1 branch

Inventory:

Hand Weapons
 a - a +2 vorpal war axe (weapon)
Armour
 b - a +4 chain mail (worn)
 c - a +0 kite shield (worn)
 o - a +0 pair of boots (worn)
Jewellery
 m - a +3 ring of evasion
 n - a +3 ring of protection
Scrolls
 j - a scroll of blinking
 l - a scroll of summoning
Potions
 d - a potion of might
 e - 6 potions of curing
 f - 10 potions of heal wounds
 g - a potion of haste
 h - 4 potions of magic
 i - 4 potions of berserk rage
 k - 2 potions of invisibility


   Skills:
 + Level 11.0 Fighting
 + Level 14.3 Axes
 + Level 11.2 Armour
 + Level 5.4 Dodging
 + Level 0.6 Stealth
 + Level 11.8 Shields


You had 8 spell levels left.
You didn't know any spells.
Your spell library was empty.

Dungeon Overview and Level Annotations

Branches:
Dungeon (1/1)

Altars:
Cheibriados
Dithmenos
Elyvilon
Fedhas
Gozag
Hepliaklqana
Makhleb
Nemelex Xobeh
Okawaru
Qazlal
Ru
Sif Muna
Trog
Vehumet
Wu Jian
Xom
Yredelemnul
Zin
The Shining One
Beogh
Jiyva
Lugonu


Innate Abilities, Weirdness & Mutations

You reflexively headbutt those who attack you in melee.
You have a pair of horns on your head.


Message History

The tyrant leech is moderately wounded.
You hit the storm dragon. The tyrant leech bites you.
The tyrant leech draws strength from your injuries!
The storm dragon bites you! You block the storm dragon's attack.
The storm dragon tramples you.
You hold your ground!
You are too injured to fight recklessly!
You are too injured to fight recklessly!
You are too injured to fight recklessly!
You are too injured to fight recklessly!
You are too injured to fight recklessly!
You are too injured to fight recklessly!
You are too injured to fight recklessly!
You are too injured to fight recklessly!
You are too injured to fight recklessly!
Unknown command.
A red film seems to cover your vision as you go berserk!
You feel yourself moving faster!
You feel mighty! You block the storm dragon's attack.
The storm dragon claws you but does no damage.
The storm dragon tramples you but does no damage.
The tyrant leech bites you!
* * * LOW HITPOINT WARNING * * *
The tyrant leech draws strength from your injuries!
You closely miss the storm dragon.
The storm dragon is lightly wounded.
You barely miss the tyrant leech. You block the storm dragon's attack.
The storm dragon claws you but does no damage.
You block the storm dragon's attack.
You barely miss the storm dragon.
The storm dragon is lightly wounded.
You miss the tyrant leech. The tyrant leech bites you!
* * * LOW HITPOINT WARNING * * *
The tyrant leech draws strength from your injuries!
Unknown command.
You slash the storm dragon!
The storm dragon is moderately wounded.
You slash the tyrant leech!
The storm dragon breathes lightning at you.
The bolt of lightning hits you!!
You die...

#++#########
#....D......
#...@w......
#..#########
#..# #..# ####
#..# #..# #..#
#..# #÷.# '..#
#.)#
'.†##########..#


You could see a storm dragon (catching breath) and a tyrant leech.

Vanquished Creatures
  A boulder beetle (D)
  An orange demon (D)
  A yaktaur (D)
  A snapping turtle (D)
  A tarantella (D)
  A redback (D)
  2 sky beasts (D)
  A black bear (D)
  2 hounds (D)
  A mummy (D)
  A gnoll (D)
  A white imp (D)
  2 ufetubi (D)
  A leopard gecko (D)
  A bat skeleton (D)
  A bat zombie (D)
  4 hobgoblins (D)
  7 jackals (D)
  A quokka (D)
  A ball python (D)
  A bat (D)
  A frilled lizard (D)
34 creatures vanquished.

Vanquished Creatures (others)
  Sigmund (D)
1 creature vanquished.

Grand Total: 35 creatures vanquished

Notes
Turn   | Place    | Note
-------+----------+-------------------------------------------
     0 | D        | mhtbhm the Minotaur Fighter began the quest for the Orb.
     0 | D        | Reached XP level 1. HP: 19/19 MP: 0/0
    15 | D        | Found a bloodstained altar of Trog.
    15 | D        | Found a shimmering blue altar of Sif Muna.
    15 | D        | Found a viscous altar of Jiyva.
    15 | D        | Found a hazy altar of Hepliaklqana.
    15 | D        | Found an opulent altar of Gozag.
    16 | D        | Found a glowing golden altar of the Shining One.
    16 | D        | Found a glowing silver altar of Zin.
    16 | D        | Found a basalt altar of Yredelemnul.
    16 | D        | Found a shimmering altar of Xom.
    16 | D        | Found an ornate altar of the Wu Jian Council.
    16 | D        | Found a sacrificial altar of Ru.
    16 | D        | Found a stormy altar of Qazlal.
    16 | D        | Found an iron altar of Okawaru.
    16 | D        | Found a sparkling altar of Nemelex Xobeh.
    16 | D        | Found a burning altar of Makhleb.
    16 | D        | Found a blossoming altar of Fedhas.
    16 | D        | Found a white marble altar of Elyvilon.
    16 | D        | Found a shadowy altar of Dithmenos.
    16 | D        | Found a snail-covered altar of Cheibriados.
    18 | D        | Found a radiant altar of Vehumet.
    18 | D        | Found a corrupted altar of Lugonu.
    18 | D        | Found a roughly hewn altar of Beogh.
    20 | D        | Became a worshipper of Trog the Wrathful
    71 | D        | Reached * piety under Trog
   147 | D        | Noticed a sky beast
   150 | D        | Reached skill level 3 in Axes
   150 | D        | Reached XP level 2. HP: 28/28 MP: 1/1
   150 | D        | Reached ** piety under Trog
   156 | D        | Killed a sky beast
   157 | D        | Reached skill level 4 in Axes
   157 | D        | Reached skill level 1 in Dodging
   157 | D        | Reached XP level 3. HP: 38/38 MP: 2/2
   157 | D        | Reached XP level 4. HP: 45/45 MP: 3/3
   169 | D        | Reached *** piety under Trog
   248 | D        | Reached skill level 5 in Axes
   248 | D        | Reached XP level 5. HP: 52/52 MP: 4/4
   250 | D        | Reached **** piety under Trog
   258 | D        | Noticed a black bear
   264 | D        | Killed a black bear
   264 | D        | Reached ***** piety under Trog
   265 | D        | Reached skill level 7 in Axes
   287 | D        | Noticed a boulder beetle
   393 | D        | Noticed Sigmund
   393 | D        | Noticed a sky beast
   399 | D        | Reached XP level 6. HP: 62/62 MP: 5/5
   401 | D        | Killed a sky beast
   402 | D        | Reached skill level 8 in Axes
   410 | D        | Killed Sigmund
   411 | D        | Reached skill level 9 in Axes
   524 | D        | Killed a boulder beetle
   525 | D        | Reached skill level 10 in Fighting
   525 | D        | Reached skill level 12 in Axes
   525 | D        | Reached skill level 10 in Armour
   525 | D        | Reached skill level 10 in Shields
   525 | D        | Reached XP level 7. HP: 29/72 MP: 6/6
   525 | D        | Reached XP level 8. HP: 32/79 MP: 7/7
   726 | D        | Reached ****** piety under Trog
   727 | D        | Reached skill level 5 in Dodging
   733 | D        | Received a gift from Trog
   859 | D        | Noticed a snapping turtle
   859 | D        | Noticed a yaktaur
   859 | D        | Noticed an orange demon
   866 | D        | Killed an orange demon
   867 | D        | Reached skill level 13 in Axes
   870 | D        | Killed a yaktaur
   871 | D        | Reached skill level 14 in Axes
   871 | D        | Reached XP level 9. HP: 41/86 MP: 8/8
  1145 | D        | Noticed a tyrant leech
  1150 | D        | Noticed a storm dragon
  1160 | D        | Killed from afar by a storm dragon

Illustrated notes

Levels and vault maps discovered:
D:        pitsprint [storerooms_1, entrance_room_1, metal_vault_7, armoury_1,
          mini_pit_1, grid_room_1, main_hall_1, silver_pit, the_coven_1,
          the_vestibule_1, steel_vault_1, golden_pit, hallway_of_sentries,
          crystal_vault_4, iron_vault_2, final_vault]

Skill      XL: |  1  2  3  4  5  6  7  8  9 |
---------------+----------------------------+-----
Fighting       | 4 6 7 8 10 11 | 11.0
Armour         | 4 6 7 8 10 11 | 11.2
Shields        | 4 6 7 8 10 11 | 11.8
Axes           | 3 4 5 7 12 14 | 14.3
Dodging        | 1 3 4 5 |  5.4
Stealth        | |  0.6

Action                   |  1- 3 |  4- 6 |  7- 9 || total
-------------------------+-------+-------+-------++-------
Melee: Hand axe          |    18 |    47 |       ||    65
       Headbutt          |     4 |    14 |     6 ||    24
       War axe           |     1 |    12 |    35 ||    48
Invok: Berserk           |     1 |     2 |     2 ||     5
  Use: Potion            |       |       |     1 ||     1
Armor: Scale mail        |    13 |     8 |       ||    21
       Plate armour      |       |    27 |       ||    27
       Chain mail        |       |     2 |    12 ||    14
Dodge: Dodged            |     3 |    10 |     9 ||    22
Block: Kite shield       |     9 |    31 |    22 ||    62

Table legend: (Time is in decaauts)
 A = Elapsed time spent in this place.
 B = Non-inter-level travel time spent in this place.
 C = Inter-level travel time spent in this place.
 D = Time resting spent in this place.
 E = Time spent auto-exploring this place.
 F = Levels seen in this place.
 G = Mean time per level.
                   A        B        C        D        E       F      G
               +--------+--------+--------+--------+--------+-----+--------+
         Total |   1212 |   1212 |      0 |    703 |     48 |   1 | 1212.0 |
       Dungeon |   1212 |   1212 |      0 |    703 |     48 |   1 | 1212.0 |
               +--------+--------+--------+--------+--------+-----+--------+

Top non-repeatable levels by time:
       D: 1212 daAuts
